NYP
VANCOUVER CANADIANS @ EVERETT AQUASOX
07/28/2045
 
TOP OF THE 1ST
Vancouver Canadians batting - Pitching for Everett AquaSox : RHP Sid Lampone
Pitching: RHP Sid Lampone
Batting: RHB Danny Alberto 0-0: Ball
1-0: Ball
2-0: Called Strike
2-1: Swinging Strike
2-2: Foul Ball, location: 2F
2-2: Foul Ball, location: 2F
2-2: Ball
3-2: Foul Ball, location: 2F
3-2: Ground out 6-3 (Groundball, 6S, EV 67.5 MPH)
Batting: RHB Cesar Chavez 0-0: Called Strike
0-1: Ground out 4-3 (Groundball, 4, EV 99.4 MPH)
Batting: LHB Edgar Castillo 0-0: Ball
1-0: Fly out, F9 (Flyball, 9D, EV 94.4 MPH)
Top of the 1st over - 0 runs, 0 hits, 0 errors, 0 left on base; Vancouver 0 - Everett 0
BOTTOM OF THE 1ST
Everett AquaSox batting - Pitching for Vancouver Canadians : RHP Cody Walsh
Pitching: RHP Cody Walsh
Batting: SHB Detlef Oursler 0-0: Fly out, F6 (Line Drive, 6, EV 75.6 MPH)
Batting: RHB Tze-meng Li 0-0: Ball
1-0: Called Strike
1-1: Ball
2-1: Swinging Strike
2-2: Ball
3-2: Foul Ball, location: 2F
3-2: Ground out 6-3 (Groundball, 6, EV 80.0 MPH)
Batting: LHB Jawad Fahad 0-0: Ball
1-0: Ground out U3 (Groundball, 34, EV 101.9 MPH)
Bottom of the 1st over - 0 runs, 0 hits, 0 errors, 0 left on base; Vancouver 0 - Everett 0
TOP OF THE 2ND
Vancouver Canadians batting - Pitching for Everett AquaSox : RHP Sid Lampone
Batting: RHB Javier Garcia 0-0: Ball
1-0: Foul Ball, location: 2F
1-1: Called Strike
1-2: Ball
2-2: Foul Ball, location: 2F
2-2: Ground out 5-3 (Groundball, 5, EV 106.9 MPH)
Batting: LHB Tatsuyuki Yamada 0-0: Ground out 4-3 (Groundball, 4, EV 103.8 MPH)
Batting: SHB Ryan Chicoine 0-0: Foul Ball, location: 2F
0-1: Ball
1-1: Ball
2-1: Fly out, F9 (Flyball, 9D, EV 87.5 MPH)
Top of the 2nd over - 0 runs, 0 hits, 0 errors, 0 left on base; Vancouver 0 - Everett 0
BOTTOM OF THE 2ND
Everett AquaSox batting - Pitching for Vancouver Canadians : RHP Cody Walsh
Batting: RHB Josh Ruhl 0-0: Swinging Strike
0-1: Ball
1-1: Swinging Strike
1-2: Ball
2-2: Strikes out swinging
Batting: LHB Jason Hopkins 0-0: Ball
1-0: Ball
2-0: Ball
3-0: Base on Balls
Batting: RHB Hideo Okimura 0-0: Called Strike
0-1: Ball
1-1: Foul Ball, location: 2F
1-2: DOUBLE (Line Drive, 89XD, EV 101.2 MPH)
Jason Hopkins to third
Batting: LHB Omar Colunga 0-0: Ball
1-0: Ball
2-0: Foul Ball, location: 2F
2-1: Foul Ball, location: 2F
2-2: Hit by Pitch
Batting: SHB Garrett McKenna 0-0: Called Strike
0-1: Ball
1-1: Swinging Strike
1-2: Fielders Choice at 2nd, 4-6 (Groundball, 4, EV 101.9 MPH)
Jason Hopkins scores
Hideo Okimura to third
Batting: SHB Victor Rijos 0-0: DOUBLE (Groundball, 3L, EV 96.2 MPH)
Hideo Okimura scores
Garrett McKenna to third
Batting: SHB Detlef Oursler 0-0: Swinging Strike
0-1: Called Strike
0-2: Ball
1-2: Ball
2-2: Foul Ball, location: 2F
2-2: Strikes out swinging
Bottom of the 2nd over - 2 runs, 2 hits, 0 errors, 2 left on base; Vancouver 0 - Everett 2
TOP OF THE 3RD
Vancouver Canadians batting - Pitching for Everett AquaSox : RHP Sid Lampone
Batting: RHB Wade Diamond 0-0: Fly out, F9 (Flyball, 9LD, EV 102.5 MPH)
Batting: RHB Alex Vazquez 0-0: Ball
1-0: Ball
2-0: Called Strike
2-1: SINGLE (Groundball, 6M, EV 86.2 MPH) (infield hit)
Batting: RHB Dan Hilyer 0-0: Ball
Alex Vazquez steals 2nd base (no throw)
1-0: Reached on error, E6 (Groundball, 6, EV 79.4 MPH)
Alex Vazquez to third
Batting: RHB Danny Alberto 0-0: Called Strike
0-1: Hit by Pitch
Dan Hilyer to second
Batting: RHB Cesar Chavez 0-0: Swinging Strike
0-1: Swinging Strike
0-2: DOUBLE (Line Drive, 89XD, EV 99.4 MPH)
Alex Vazquez scores
Dan Hilyer scores
Danny Alberto to third
Batting: LHB Edgar Castillo 0-0: Foul Ball, location: 2F
0-1: Ball
1-1: Fly out, F8 (Flyball, 8RS, EV 72.5 MPH)
Batting: RHB Javier Garcia 0-0: Ball
1-0: SINGLE (Groundball, 3L, EV 98.8 MPH)
Danny Alberto scores
Cesar Chavez to third
Runner from 3rd tries for Home, SAFE, throw by RF to home
Batting: LHB Tatsuyuki Yamada 0-0: Ball
1-0: Ground out 1-3 (Groundball, 25, EV 69.4 MPH)
Top of the 3rd over - 4 runs, 3 hits, 1 error, 1 left on base; Vancouver 4 - Everett 2
BOTTOM OF THE 3RD
Everett AquaSox batting - Pitching for Vancouver Canadians : RHP Cody Walsh
Batting: RHB Tze-meng Li 0-0: Ground out 4-3 (Groundball, 4, EV 107.5 MPH)
Batting: LHB Jawad Fahad 0-0: Ball
1-0: Foul Ball, location: 2F
1-1: SINGLE (Line Drive, 8RS, EV 86.2 MPH)
Batting: RHB Josh Ruhl 0-0: Ball
1-0: Called Strike
1-1: Foul Ball, location: 2F
1-2: Foul Ball, location: 2F
1-2: Foul Ball, location: 2F
1-2: Ball
2-2: Ball
3-2: TRIPLE (Groundball, 5L, EV 103.1 MPH)
Jawad Fahad scores
Batting: LHB Jason Hopkins 0-0: Called Strike
0-1: Called Strike
0-2: Ball
1-2: Fly out, F8 (Flyball, 8RS, EV 88.1 MPH)
Batting: RHB Hideo Okimura 0-0: Ball
1-0: Swinging Strike
1-1: Ground out 4-3 (Groundball, 4M, EV 86.9 MPH)
Bottom of the 3rd over - 1 run, 2 hits, 0 errors, 1 left on base; Vancouver 4 - Everett 3
TOP OF THE 4TH
Vancouver Canadians batting - Pitching for Everett AquaSox : RHP Sid Lampone
Batting: SHB Ryan Chicoine 0-0: Called Strike
0-1: Foul Ball, location: 2F
0-2: Ball
1-2: Ground out 4-3 (Groundball, 4, EV 85.0 MPH)
Batting: RHB Wade Diamond 0-0: Called Strike
0-1: Ball
1-1: Ball
2-1: Foul Ball, location: 2F
2-2: Ball
3-2: Foul Ball, location: 2F
3-2: Base on Balls
Batting: RHB Alex Vazquez 0-0: Ball
1-0: Swinging Strike
1-1: Ball
Wade Diamond is caught stealing 2nd base 2-4
2-1: Ball
3-1: Ground out 6-3 (Groundball, 6, EV 99.4 MPH)
Top of the 4th over - 0 runs, 0 hits, 0 errors, 0 left on base; Vancouver 4 - Everett 3
BOTTOM OF THE 4TH
Everett AquaSox batting - Pitching for Vancouver Canadians : RHP Cody Walsh
Batting: LHB Omar Colunga 0-0: Ground out U3 (Groundball, 3S, EV 81.2 MPH)
Batting: SHB Garrett McKenna 0-0: Swinging Strike
0-1: Called Strike
0-2: Ball
1-2: Ball
2-2: Strikes out looking
Batting: SHB Victor Rijos 0-0: Ball
1-0: Called Strike
1-1: Ball
2-1: Called Strike
2-2: Strikes out swinging
Bottom of the 4th over - 0 runs, 0 hits, 0 errors, 0 left on base; Vancouver 4 - Everett 3
TOP OF THE 5TH
Vancouver Canadians batting - Pitching for Everett AquaSox : RHP Sid Lampone
Batting: RHB Dan Hilyer 0-0: Fly out, F8 (Flyball, 8LM, EV 72.5 MPH)
Batting: RHB Danny Alberto 0-0: Called Strike
0-1: SINGLE (Line Drive, 7S, EV 95.0 MPH)
Batting: RHB Cesar Chavez 0-0: Ball
1-0: Called Strike
Danny Alberto steals 2nd, throwing error, E2
Danny Alberto to third
1-1: Ball
2-1: SINGLE (Line Drive, 8LS, EV 103.8 MPH)
Danny Alberto scores
Batting: LHB Edgar Castillo 0-0: SINGLE (Line Drive, 7S, EV 107.5 MPH)
Cesar Chavez to second
Batting: RHB Javier Garcia 0-0: Ball
1-0: Called Strike
Cesar Chavez steals 3rd base
1-1: Ball
2-1: Ball
Edgar Castillo steals 2nd base
3-1: Called Strike
3-2: Base on Balls
Batting: LHB Tatsuyuki Yamada 0-0: Ball
1-0: Fielders Choice at 2nd, 4-6 (Groundball, 4S, EV 91.2 MPH)
Cesar Chavez scores
Edgar Castillo to third
Batting: SHB Ryan Chicoine 0-0: Foul Ball, location: 2F
0-1: Foul Ball, location: 2F
0-2: Ball
1-2: Fielders Choice at 2nd, U4 (Groundball, 4M, EV 86.2 MPH)
Top of the 5th over - 2 runs, 3 hits, 1 error, 2 left on base; Vancouver 6 - Everett 3
BOTTOM OF THE 5TH
Everett AquaSox batting - Pitching for Vancouver Canadians : RHP Cody Walsh
Batting: SHB Detlef Oursler 0-0: Called Strike
0-1: Ball
1-1: Ball
2-1: TRIPLE (Flyball, 89XD, EV 95.0 MPH)
Batting: RHB Tze-meng Li 0-0: Ball
1-0: Ball
2-0: Ball
3-0: Called Strike
3-1: Base on Balls
Batting: LHB Jawad Fahad 0-0: Ball
1-0: Fly out, F9 (Flyball, 89M, EV 88.1 MPH)
Batting: RHB Josh Ruhl 0-0: Foul Ball, location: 2F
0-1: Ball
1-1: Called Strike
1-2: Ball
2-2: Ground out 3-1 (Groundball, 3L, EV 84.4 MPH)
Tze-meng Li to second
Batting: LHB Jason Hopkins 0-0: Foul Ball, location: 2F
0-1: Ball
1-1: Ball
2-1: Ground out 5-3 (Groundball, 56, EV 86.9 MPH)
Bottom of the 5th over - 0 runs, 1 hit, 0 errors, 2 left on base; Vancouver 6 - Everett 3
TOP OF THE 6TH
Vancouver Canadians batting - Pitching for Everett AquaSox : RHP Sid Lampone
Pitching: RHP Matt Crone
Batting: RHB Wade Diamond 0-0: SINGLE (Line Drive, 89S, EV 100.6 MPH)
Batting: RHB Alex Vazquez 0-0: Ball
Wade Diamond is caught stealing 2nd base 2-4
1-0: Swinging Strike
1-1: Ball
2-1: SINGLE (Groundball, 56S, EV 70.0 MPH) (infield hit)
Batting: RHB Dan Hilyer 0-0: Called Strike
0-1: Swinging Strike
0-2: Fielders Choice at 2nd, 5-4 (Groundball, 5, EV 80.6 MPH)
Batting: RHB Danny Alberto 0-0: Ball
Dan Hilyer steals 2nd base
1-0: Ball
2-0: Ball
3-0: Called Strike
3-1: Swinging Strike
3-2: Foul Ball, location: 2F
3-2: Fly out, F4 (Line Drive, 4, EV 68.1 MPH)
Top of the 6th over - 0 runs, 2 hits, 0 errors, 1 left on base; Vancouver 6 - Everett 3
BOTTOM OF THE 6TH
Everett AquaSox batting - Pitching for Vancouver Canadians : RHP Cody Walsh
Batting: RHB Hideo Okimura 0-0: Ball
1-0: Foul Ball, location: 2F
1-1: DOUBLE (Flyball, 8LXD, EV 103.8 MPH)
Batting: LHB Omar Colunga 0-0: Swinging Strike
0-1: Ball
1-1: Fly out, F6 (Flyball, 6D, EV 85.0 MPH)
Batting: SHB Garrett McKenna 0-0: Fly out, F6 (Popup, 6, EV 68.1 MPH)
Batting: SHB Victor Rijos 0-0: Ground out 5-3 (Groundball, 5, EV 81.9 MPH)
Bottom of the 6th over - 0 runs, 1 hit, 0 errors, 1 left on base; Vancouver 6 - Everett 3
TOP OF THE 7TH
Vancouver Canadians batting - Pitching for Everett AquaSox : RHP Matt Crone
Pitching: RHP In Bea
Batting: RHB Cesar Chavez 0-0: Called Strike
0-1: Ball
1-1: Ball
2-1: DOUBLE (Line Drive, 78D, EV 105.6 MPH)
Batting: LHB Edgar Castillo 0-0: Called Strike
0-1: Called Strike
0-2: Ball
1-2: Strikes out looking
Batting: RHB Javier Garcia 0-0: Ball
1-0: Foul Ball, location: 2F
1-1: Ball
2-1: Ball
3-1: Swinging Strike
3-2: Strikes out swinging
Batting: LHB Tatsuyuki Yamada 0-0: Ball
1-0: Ground out 4-3 (Groundball, 4, EV 88.8 MPH)
Top of the 7th over - 0 runs, 1 hit, 0 errors, 1 left on base; Vancouver 6 - Everett 3
BOTTOM OF THE 7TH
Everett AquaSox batting - Pitching for Vancouver Canadians : RHP Cody Walsh
Pitching: RHP Mike Amos
Now in LF: Dan Hilyer
Now in RF: Jonathan Klemm
Batting: SHB Detlef Oursler 0-0: Ball
1-0: SINGLE (Groundball, 6MS, EV 61.9 MPH) (infield hit)
Batting: RHB Tze-meng Li 0-0: Called Strike
Detlef Oursler steals 2nd base
0-1: Called Strike
0-2: Foul Ball, location: 2F
0-2: Ball
1-2: Foul Ball, location: 2F
1-2: Ball
2-2: Ball
3-2: Ground out 6-3 (Groundball, 6, EV 82.5 MPH)
Detlef Oursler to third
Batting: LHB Jawad Fahad 0-0: Ball
1-0: Fly out, F8 (Flyball, 8LS, EV 91.9 MPH)
Batting: RHB Josh Ruhl 0-0: Ball
1-0: Ball
2-0: Foul Ball, location: 2F
2-1: Ball
3-1: Swinging Strike
3-2: Base on Balls
Batting: LHB Jason Hopkins 0-0: Called Strike
0-1: Foul Ball, location: 2F
0-2: Ball
1-2: Strikes out swinging
Bottom of the 7th over - 0 runs, 1 hit, 0 errors, 2 left on base; Vancouver 6 - Everett 3
TOP OF THE 8TH
Vancouver Canadians batting - Pitching for Everett AquaSox : RHP In Bea
Pitching: RHP Jace Daniels
Batting: SHB Ryan Chicoine 0-0: Ball
1-0: Called Strike
1-1: Hit by Pitch
Batting: RHB Wade Diamond 0-0: Called Strike
0-1: Sac Bunt to 15 - play at first, batter OUT! 1-3
Ryan Chicoine to second
Batting: RHB Alex Vazquez 0-0: Fly out, F8 (Flyball, 8RM, EV 95.0 MPH)
Batting: RHB Dan Hilyer 0-0: Ball
1-0: SINGLE (Line Drive, 3D, EV 100.0 MPH)
Ryan Chicoine to third
Batting: RHB Danny Alberto 0-0: Ball
1-0: Ball
2-0: Fly out, F7 (Flyball, 7S, EV 78.8 MPH)
Top of the 8th over - 0 runs, 1 hit, 0 errors, 2 left on base; Vancouver 6 - Everett 3
BOTTOM OF THE 8TH
Everett AquaSox batting - Pitching for Vancouver Canadians : RHP Mike Amos
Batting: RHB Hideo Okimura 0-0: Called Strike
0-1: Foul Ball, location: 2F
0-2: Fly out, F8 (Flyball, 8LXD, EV 99.4 MPH)
Batting: LHB Omar Colunga 0-0: Called Strike
0-1: Ball
1-1: Swinging Strike
1-2: Ball
2-2: Foul Ball, location: 2F
2-2: Strikes out swinging
Batting: SHB Garrett McKenna 0-0: Ball
1-0: Ball
2-0: Ground out 4-3 (Groundball, 4D, EV 106.2 MPH)
Bottom of the 8th over - 0 runs, 0 hits, 0 errors, 0 left on base; Vancouver 6 - Everett 3
TOP OF THE 9TH
Vancouver Canadians batting - Pitching for Everett AquaSox : RHP Jace Daniels
Pitching: LHP Sanjog Veera
Batting: RHB Cesar Chavez 0-0: Ball
1-0: Called Strike
1-1: Swinging Strike
1-2: Foul Ball, location: 2F
1-2: Ball
2-2: Foul Ball, location: 2F
2-2: Ball
3-2: Hit by Pitch
Batting: RHB Jonathan Klemm 0-0: Ball
1-0: SINGLE (Line Drive, 9S, EV 107.5 MPH)
Cesar Chavez to second
Batting: RHB Javier Garcia 0-0: Called Strike
0-1: Ball
Wild Pitch!
Cesar Chavez to third
Jonathan Klemm to second
1-1: Intentional Walk
Batting: LHB Tatsuyuki Yamada 0-0: GRAND SLAM HOME RUN (Flyball, 9D, EV 95.6 MPH), Distance : 358 ft
Batting: SHB Ryan Chicoine 0-0: Ball
1-0: Ball
2-0: Foul Ball, location: 2F
2-1: Swinging Strike
2-2: Strikes out swinging
Batting: RHB Wade Diamond 0-0: Ball
1-0: Ball
2-0: Foul Ball, location: 2F
2-1: Ball
3-1: Base on Balls
Batting: RHB Alex Vazquez 0-0: Ball
1-0: Ball
Wild Pitch!
Wade Diamond to second
2-0: Ball
3-0: Base on Balls
Pitching: RHP Robby Reyna
Pinch Hitting: RHB Bryan Westray 0-0: Ball
1-0: Called Strike
1-1: Ball
2-1: Fielders Choice at 2nd, 3-6 (Groundball, 34, EV 105.6 MPH)
Wade Diamond to third
Batting: RHB Danny Alberto 0-0: Called Strike
0-1: Ball
1-1: Ball
2-1: Foul Ball, location: 2F
2-2: Foul Ball, location: 2F
2-2: Fly out, F7 (Flyball, 7, EV 78.1 MPH)
Top of the 9th over - 4 runs, 2 hits, 0 errors, 2 left on base; Vancouver 10 - Everett 3
BOTTOM OF THE 9TH
Everett AquaSox batting - Pitching for Vancouver Canadians : RHP Mike Amos
Now in LF: Bryan Westray
Pinch Hitting: LHB Ryan Lowe 0-0: Ball
1-0: Foul Ball, location: 2F
1-1: Ball
2-1: Swinging Strike
2-2: Ball
3-2: Base on Balls
Pinch Hitting: RHB Salvador Avina 0-0: Called Strike
0-1: Swinging Strike
0-2: Ball
1-2: Strikes out swinging
Batting: RHB Tze-meng Li 0-0: Ball
1-0: Foul Ball, location: 2F
1-1: Called Strike
1-2: Strikes out swinging
Batting: LHB Jawad Fahad 0-0: Called Strike
0-1: Ball
1-1: Swinging Strike
1-2: Foul Ball, location: 2F
1-2: Ground out 1-3 (Groundball, 13S, EV 70.0 MPH)
Bottom of the 9th over - 0 runs, 0 hits, 0 errors, 1 left on base; Vancouver 10 - Everett 3
Wednesday, June 22nd , 2022 - OOTP Baseball 23.4 Build 64